 Dungeon Crawl Stone Soup version 0.21-a0-460-g737a915 (webtiles) character file.

132582 tilp the Warrior (level 16, -5/110 HPs)
             Began as a Deep Elf Fire Elementalist on Nov 16, 2017.
             Was a High Priest of Vehumet.
             Slain by a shock serpent (14 damage)
             ... on level 4 of the Snake Pit on Nov 20, 2017.
             The game lasted 02:37:26 (39310 turns).

tilp the Warrior (Deep Elf Fire Elementalist)      Turns: 39310, Time: 02:37:27

Health: -5/110     AC: 22    Str:  5    XL:     16   Next: 57%
Magic:  17/46      EV: 11    Int: 31    God:    Vehumet [*****.]
Gold:   392        SH: 13    Dex: 15    Spells: 8/45 levels left

rFire    + + +     SeeInvis .   a - +9 scimitar "Zuem" {freeze, *Rage rF+ Int+5}
rCold    . . .     Gourm    .   e - +0 shield
rNeg     . . .     Faith    .   O - +3 ring mail "Mulaet" {rC+ Regen+ MP+9 Slay+2}
rPois    +         Spirit   .   Y - +2 hat {MR+}
rElec    .         Reflect  +   n - +2 cloak
rCorr    .         Harm     .   t - +2 pair of gloves
MR       +++..     Rnd*Rage +   u - +2 pair of boots
Stlth    +.........             J - +4 amulet of reflection
HPRegen  0.68/turn              R - ring of fire
MPRegen  0.30/turn              S - ring "Weebb" {rPois rF++ MR+ AC+2 Int-2}

@: very slightly contaminated
A: no striking features
a: Renounce Religion


You were on level 4 of the Snake Pit.
You worshipped Vehumet.
Vehumet was extremely pleased with you.
You were not hungry.

You visited 5 branches of the dungeon, and saw 28 of its levels.

You collected 2557 gold pieces.
You spent 2165 gold pieces at shops.

Inventory:

Hand Weapons
 a - the +9 scimitar "Zuem" (weapon) {freeze, *Rage rF+ Int+5}
   (You found it on level 3 of the Lair of Beasts)

   It has been specially enchanted to freeze those struck by it, causing extra
   injury to most foes and up to half again as much damage against particularly
   susceptible opponents.
   It can also slow down cold-blooded creatures.
   It affects your intelligence (+5).
   It protects you from fire.
   It may make you go berserk in combat.
 b - a +3 scimitar of flaming
 D - a +0 triple sword
Armour
 e - a +0 shield (worn)
 j - a scarf of resistance
 n - a +2 cloak (worn)
 t - a +2 pair of gloves (worn)
 u - a +2 pair of boots (worn)
 O - the +3 ring mail "Mulaet" (worn) {rC+ Regen+ MP+9 Slay+2}
   (You bought it in a shop on level 2 of the Orcish Mines)

   It affects your accuracy and damage with ranged weapons and melee attacks
   (+2).
   It protects you from cold.
   It affects your magic capacity (+9).
   It increases your rate of regeneration.
 Y - a +2 hat of magic resistance (worn)
Magical Staves
 V - an uncursed staff of earth {unknown}
Jewellery
 J - a +4 amulet of reflection (around neck)
 R - a ring of fire (left hand)
 S - the ring "Weebb" (right hand) {rPois rF++ MR+ AC+2 Int-2}
   (You bought it in a shop on level 1 of the Snake Pit)

   [ring of protection]

   It affects your AC (+2).
   It affects your intelligence (-2).
   It greatly protects you from fire.
   It protects you from poison.
   It affects your resistance to hostile enchantments.
Wands
 h - a wand of paralysis (23)
 y - a wand of polymorph (15)
 A - a wand of enslavement (20)
 I - a wand of iceblast (14)
 M - a wand of acid (14)
 N - a wand of disintegration (24)
 X - a wand of digging (20)
Scrolls
 c - 3 scrolls of enchant weapon
 d - 2 scrolls of amnesia
 f - a scroll of blinking
 l - 13 scrolls of remove curse
 p - 3 scrolls of fog
 s - 8 scrolls of teleportation
 x - a scroll of acquirement {unknown}
 B - 3 scrolls of silence
 E - a scroll of noise {unknown}
 H - 3 scrolls of magic mapping
 L - 2 scrolls of vulnerability {unknown}
 Q - a scroll of torment {unknown}
 U - a scroll of fear {unknown}
Potions
 g - 2 potions of magic
 r - 2 potions of cancellation
 v - 4 potions of haste
 w - 2 potions of might
 z - 2 potions of berserk rage
 C - 2 potions of resistance
 G - 5 potions of curing
 P - 2 potions of brilliance
 T - 3 potions of invisibility
 W - a potion of mutation
 Z - 2 potions of agility
Books
 m - a book of Spatial Translocations

   Spells                             Type                      Level
   a - Blink                          Translocation                2
   b - Shroud of Golubria             Charms/Translocation         2
   c - Lesser Beckoning               Translocation                3
   d - Gell's Gravitas                Translocation                3
   e - Teleport Other                 Translocation                3
   f - Passage of Golubria            Translocation                4
 K - a book of Geomancy

   Spells                             Type                      Level
   a - Sandblast                      Earth                        1
   b - Passwall                       Transmutation/Earth          2
   c - Stone Arrow                    Conjuration/Earth            3
   d - Petrify                        Transmutation/Earth          4
   e - Lee's Rapid Deconstruction     Earth                        5
Miscellaneous
 i - a lamp of fire
 o - a sack of spiders
Comestibles
 q - 25 royal jellies


   Skills:
 + Level 16.0 Fighting
 + Level 1.6 Long Blades
 - Level 4.0 Armour
 - Level 10.0 Dodging
 - Level 2.4 Stealth
 - Level 6.0 Shields
 - Level 15.0 Spellcasting
 - Level 12.0 Conjurations
 - Level 4.1 Translocations
 - Level 12.0 Fire Magic
 - Level 4.0 Evocations


You had 8 spell levels left.
You knew the following spells:

 Your Spells              Type           Power        Failure   Level  Hunger
a - Flame Tongue          Conj/Fire      #####        1%          1    None
b - Throw Flame           Conj/Fire      ######       1%          2    None
c - Conjure Flame         Conj/Fire      #######.     1%          3    None
d - Sticky Flame          Conj/Fire      #######.     1%          4    None
e - Fireball              Conj/Fire      #######...   1%          5    None
f - Bolt of Fire          Conj/Fire      #######...   8%          6    ###....
g - Throw Frost           Conj/Ice       ######       1%          2    None
h - Mephitic Cloud        Conj/Pois/Air  #####...     4%          3    None
i - Fulminant Prism       Conj/Hex       ######....   6%          4    None
j - Venom Bolt            Conj/Pois      ######....   16%         5    None
k - Blink                 Tloc           N/A          8%          2    None


Dungeon Overview and Level Annotations

Branches:
Dungeon (15/15)            Temple (1/1) D:7            Lair (6/6) D:8
  Swamp (0/4) Lair:2        Snake (4/4) Lair:4        Slime (0/5) Lair:6
    Orc (2/2) D:9             Elf (0/3) Orc:2        Vaults (0/5) D:13
 Depths (0/5) D:15

Altars:
Ashenzari
Cheibriados
Dithmenos
Elyvilon
Fedhas
Gozag
Hepliaklqana
Kikubaaqudgha
Makhleb
Nemelex Xobeh
Okawaru
Qazlal
Ru
Sif Muna
Trog
Uskayaw
Vehumet
Wu Jian
Xom
Yredelemnul
Zin
The Shining One
Beogh

Shops:
D:4 (   D:9 %   D:13 *   Orc:2 ([[[   Snake:1 *(

Portals:
Trove: D:12 (give 6 scrolls of blinking)


Message History

Confirm with . or Enter, or press ? or * to list all spells.
Aiming: Sticky Flame
Press: ? - help, Shift-Dir - straight line, f/p - shock serpent
Aim: a shock serpent (severely wounded, covered in liquid flames)
You feel a surge of power!
The sticky flame hits the shock serpent.
The shock serpent is almost dead.
The shock serpent burns!
The shock serpent bites you but does no damage.
You hit the shock serpent.
The shock serpent seems to slow down.
You freeze the shock serpent.
The shock serpent is almost dead.
The shock serpent burns!
The shock serpent's electric aura discharges, shocking you!
* * * LOW HITPOINT WARNING * * *
The shock serpent bites you but does no damage.
The shock serpent bites you!
* * * LOW HITPOINT WARNING * * *
The shock serpent shocks you!
You die...

#...####..####.# .....#
#...##.......#.##.....##.
#..........#..........).N
#......###...#.#..#.#)..#
####......##.....##......
#..#..........##......
###.##....#.....§†..)...
##...#####.#...####....).
#....##.@S.#...# ......
##....##.######## ......
#....###..<.# .....#
#...........# ..#.##
##...####....# .##.##
#....# #...## .# # #....#
##### #...## #####


You could see a shock serpent (burning).

Vanquished Creatures
  Frances (D:14)
  Gastronok (Lair:2)
  2 nagarajas
  2 orc warlords
  Louise (D:14)
  Aizul (Snake:3)
  An ettin (Orc:1)
  Snorg (D:14)
  Josephine (Lair:4)
  2 fire dragons (D:15)
  4 vault guards (D:13)
  12 naga warriors
  2 ice dragons
  Fannar (Lair:2)
  8 hydras
  A tengu warrior (D:15)
  Erica (D:9)
  2 two-headed ogres
  3 centaur warriors
  3 anacondas (Snake:1)
  Urug (Lair:4)
  8 naga sharpshooters
  6 shock serpents
  A deep elf knight (Orc:1)
  3 orc high priests
  Sonja (Lair:4)
  Nergalle (Lair:3)
  2 salamander mystics
  2 unseen horrors
  A wolf spider zombie (D:14)
  9 ugly things
  A wolf spider (Lair:5)
  11 deep elf magi
  3 cyclopes
  4 orc sorcerers
  2 orc knights
  3 mana vipers
  2 manticores
  9 salamanders
  3 oklob plants (Lair:4)
  4 elephants (Lair:5)
  A centaur zombie (D:13)
  3 guardian serpents
  21 black mambas
  7 naga magi
  2 gargoyles (D:13)
  11 spiny frogs
  An efreet (D:14)
  3 komodo dragons
  2 rime drakes
  2 trolls
  9 meliai
  A queen bee (D:14)
  2 polar bears (Lair:6)
  5 hornets
  8 blink frogs
  17 dream sheep
  11 hippogriffs
  3 vampires
  A centaur simulacrum (D:14)
  3 redbacks (Lair:6)
  6 shadows
  12 wyverns
  4 wraiths
  26 yaks
  A basilisk (D:15)
  A warg (Orc:2)
  6 vampire mosquitoes
  35 nagas
  28 water moccasins
  A soldier ant (D:11)
  7 porcupines
  2 black bears
  3 ice beasts
  46 orc warriors
  3 phantoms
  7 sky beasts
  2 eyes of draining (D:13)
  11 ogres
  8 wolves
  21 centaurs
  23 crocodiles
  The ghost of Autsider the Sneak, an amateur VSAs (D:3)
  12 bullfrogs
  2 big kobolds
  2 wyvern zombies
  A scorpion (D:13)
  26 killer bees
  2 electric eels
  8 wights
  3 howler monkeys (D:14)
  4 crimson imps
  A bullfrog zombie (D:9)
  A quasit (D:11)
  6 lava snakes (Snake:1)
  5 hounds
  Crazy Yiuf (D:3)
  22 orc priests
  An iron imp (D:9)
  12 jellies
  A bullfrog skeleton (D:11)
  A gnoll shaman (D:6)
  3 centaur skeletons
  Ijyb (D:3)
  An iguana (D:7)
  22 orc wizards
  9 worker ants
  A hound skeleton (D:9)
  Robin (D:3)
  3 gnolls (D:6)
  11 adders
  6 shadow imps
  3 white imps (Lair:5)
  4 oozes (Lair:6)
  2 adder zombies (D:7)
  3 worms
  3 leopard geckos
  95 orcs
  5 bats
  4 giant cockroaches
  16 goblins
  7 hobgoblins
  10 jackals
  8 kobolds
  8 quokkas
  4 frilled lizards
  2 quokka skeletons
  A quokka zombie (D:6)
  9 rats
  7 bushes (Lair:4)
  3 plants (Lair:4)
857 creatures vanquished.

Vanquished Creatures (others)
  A bat (D:3)
  2 bushes (Lair:6)
  27 fungi (Lair:6)
  38 plants
68 creatures vanquished.

Grand Total: 925 creatures vanquished

Notes
Turn   | Place    | Note
-------+----------+-------------------------------------------
     0 | D:1      | tilp the Deep Elf Fire Elementalist began the quest for the Orb.
     0 | D:1      | Reached XP level 1. HP: 10/10 MP: 6/6
   357 | D:1      | Reached XP level 2. HP: 15/15 MP: 5/8
   386 | D:1      | Learned a level 2 spell: Throw Flame
   895 | D:2      | Reached XP level 3. HP: 19/19 MP: 2/10
   915 | D:2      | Learned a level 3 spell: Conjure Flame
  1218 | D:2      | Found an iron altar of Okawaru.
  1453 | D:2      | Found a faded altar of an unknown god.
  1685 | D:3      | Noticed Ijyb
  1715 | D:3      | Noticed Autsider's ghost (amateur VSAs)
  1722 | D:3      | Killed Autsider's ghost
  1722 | D:3      | Reached XP level 4. HP: 24/24 MP: 1/12
  1915 | D:3      | Reached XP level 5. HP: 28/28 MP: 4/14
  2174 | D:3      | Found a stormy altar of Qazlal.
  2385 | D:3      | Noticed Robin
  2390 | D:3      | Killed Robin
  2390 | D:3      | Reached skill level 5 in Spellcasting
  2575 | D:3      | Found a runed door.
  2804 | D:3      | Found a radiant altar of Vehumet.
  2815 | D:3      | Became a worshipper of Vehumet
  3182 | D:3      | Learned a level 4 spell: Sticky Flame
  3222 | D:4      | Found Teoges's Weapon Emporium.
  3235 | D:4      | Reached skill level 5 in Fire Magic
  3247 | D:4      | Reached XP level 6. HP: 19/32 MP: 0/16
  3521 | D:4      | Found an opulent altar of Gozag.
  4018 | D:5      | Entered Level 5 of the Dungeon
  4238 | D:5      | Noticed an orc warrior
  4262 | D:5      | Killed an orc warrior
  4267 | D:5      | Reached * piety under Vehumet
  4267 | D:5      | Offered knowledge of Sandblast by Vehumet.
  4274 | D:5      | Learned a level 5 spell: Fireball
  4276 | D:5      | Learned a level 1 spell: Sandblast
  4455 | D:5      | Reached XP level 7. HP: 36/36 MP: 10/18
  5024 | D:6      | Reached skill level 5 in Conjurations
  5823 | D:6      | Reached XP level 8. HP: 41/41 MP: 0/21
  6270 | D:6      | Offered knowledge of Throw Frost by Vehumet.
  6274 | D:6      | Learned a level 2 spell: Throw Frost
  6615 | D:6      | Found a burning altar of Makhleb.
  6659 | D:7      | Found a basalt altar of Yredelemnul.
  6669 | D:7      | Upgraded the game from 0.21-a0-442-g848f44b to 0.21-a0-450-gd87a9b2
  6688 | D:7      | Reached ** piety under Vehumet
  6800 | D:7      | Found a staircase to the Ecumenical Temple.
  6863 | Temple   | Entered the Ecumenical Temple
  7227 | D:7      | Found a shadowy altar of Dithmenos.
  8084 | D:3      | Killed Ijyb
  8167 | D:3      | Noticed Crazy Yiuf
  8169 | D:3      | Killed Crazy Yiuf
  8503 | D:8      | Found a staircase to the Lair.
  8504 | D:8      | Noticed a komodo dragon
  8518 | D:8      | Killed a komodo dragon
  8518 | D:8      | Reached XP level 9. HP: 39/45 MP: 18/23
  8714 | D:8      | Upgraded the game from 0.21-a0-450-gd87a9b2 to 0.21-a0-460-g737a915
  8888 | D:8      | Noticed a two-headed ogre
  9023 | D:8      | Found an ancient bone altar of Kikubaaqudgha.
  9098 | D:8      | Offered knowledge of Mephitic Cloud by Vehumet.
  9104 | D:8      | Learned a level 3 spell: Mephitic Cloud
  9353 | D:8      | Reached skill level 10 in Fire Magic
  9837 | D:8      | Found an ornate altar of the Wu Jian Council.
  9839 | D:8      | Found a hide-covered altar of Uskayaw.
  9956 | Lair:1   | Entered Level 1 of the Lair of Beasts
 10215 | D:9      | Found a staircase to the Orcish Mines.
 10260 | D:9      | Reached skill level 10 in Conjurations
 10352 | D:9      | Noticed Erica
 10354 | D:9      | Killed Erica
 10354 | D:9      | Reached skill level 1 in Fighting
 10354 | D:9      | Reached XP level 10. HP: 53/53 MP: 14/24
 10591 | D:9      | Found Ynuc Soq's Food Shop.
 10642 | D:9      | Reached skill level 2 in Fighting
 10667 | D:9      | Noticed a two-headed ogre
 10672 | D:9      | Killed a two-headed ogre
 10744 | D:9      | Reached skill level 5 in Dodging
 10796 | D:9      | Found a snail-covered altar of Cheibriados.
 11254 | D:10     | Entered Level 10 of the Dungeon
 11455 | D:10     | Reached *** piety under Vehumet
 11456 | D:10     | Reached skill level 3 in Fighting
 12090 | D:10     | Offered knowledge of Ignite Poison by Vehumet.
 12097 | D:10     | Learned a level 3 spell: Ignite Poison
 12464 | Orc:1    | Entered Level 1 of the Orcish Mines
 12476 | Orc:1    | Noticed an orc sorcerer
 12479 | Orc:1    | Killed an orc sorcerer
 12498 | Orc:1    | Reached skill level 4 in Fighting
 12696 | Orc:2    | Entered Level 2 of the Orcish Mines
 12945 | Orc:2    | Noticed an orc sorcerer
 13025 | Orc:2    | Noticed an orc high priest
 13054 | Orc:2    | Killed an orc sorcerer
 13099 | Orc:2    | Noticed a soul eater
 13102 | Orc:2    | Killed an orc high priest
 13102 | Orc:2    | Reached skill level 5 in Fighting
 13322 | Orc:2    | Noticed a deep elf mage
 13438 | Orc:2    | Killed a deep elf mage
 13438 | Orc:2    | Reached XP level 11. HP: 64/64 MP: 16/26
 13621 | Orc:2    | Reached skill level 6 in Fighting
 13828 | Orc:2    | Noticed an orc warlord
 13923 | Orc:2    | Noticed a deep elf mage
 13933 | Orc:2    | Killed a deep elf mage
 14289 | Orc:2    | Killed an orc warlord
 14289 | Orc:2    | Reached skill level 7 in Fighting
 14518 | Orc:2    | Reached skill level 10 in Spellcasting
 14607 | Orc:2    | Found Cuoxezin's Antique Weapon Shoppe.
 14608 | Orc:2    | Found a roughly hewn altar of Beogh.
 14609 | Orc:2    | Found Calaluic's Antique Armour Emporium.
 14623 | Orc:2    | Bought a helmet for 153 gold pieces
 14682 | Orc:2    | Reached **** piety under Vehumet
 14798 | Orc:2    | Found a roughly hewn altar of Beogh.
 14813 | Orc:2    | Offered knowledge of Venom Bolt by Vehumet.
 14825 | Orc:2    | Learned a level 5 spell: Venom Bolt
 14857 | Orc:2    | Noticed a deep elf mage
 14878 | Orc:2    | Killed a deep elf mage
 15077 | Orc:2    | Noticed a deep elf mage
 15079 | Orc:2    | Killed a deep elf mage
 15193 | Orc:2    | Noticed a deep elf mage
 15200 | Orc:2    | Killed a deep elf mage
 15200 | Orc:2    | Reached skill level 8 in Fighting
 15366 | Orc:1    | Noticed an ettin
 15902 | Orc:2    | Found a roughly hewn altar of Beogh.
 15978 | Orc:2    | Noticed a deep elf mage
 16152 | Orc:2    | Killed a deep elf mage
 16482 | Orc:2    | Noticed an orc knight
 16511 | Orc:2    | Killed an orc knight
 17094 | Orc:2    | Noticed an orc high priest
 17103 | Orc:2    | Killed an orc high priest
 17232 | Orc:2    | Found a roughly hewn altar of Beogh.
 17237 | Orc:2    | Found Peabb's Antique Armour Boutique.
 17244 | Orc:2    | Bought a pair of boots for 135 gold pieces
 17244 | Orc:2    | Bought a warped leather armour for 210 gold pieces
 17254 | Orc:2    | Identified the +3 leather armour "Tyjoenid" {Dex+3} (You bought it in a shop on level 2 of the Orcish Mines)
 17356 | Orc:2    | Reached XP level 12. HP: 75/75 MP: 12/30
 17458 | Orc:2    | Reached ***** piety under Vehumet
 17458 | Orc:2    | Offered knowledge of Bolt of Magma by Vehumet.
 17465 | Orc:2    | Learned a level 5 spell: Bolt of Magma
 17466 | Orc:2    | Found a roughly hewn altar of Beogh.
 17471 | Orc:2    | Found Tamiu's Antique Armour Shop.
 17625 | Orc:2    | Reached skill level 9 in Fighting
 17625 | Orc:2    | Reached skill level 1 in Armour
 17744 | Orc:2    | Found a roughly hewn altar of Beogh.
 17756 | Orc:2    | Found a staircase to the Elven Halls.
 18543 | Orc:1    | Noticed an orc high priest
 18611 | Orc:1    | Noticed an orc warlord
 18644 | Orc:1    | Killed an orc warlord
 18925 | Orc:1    | Killed an orc high priest
 19214 | Orc:1    | Killed an ettin
 19214 | Orc:1    | Reached skill level 10 in Fighting
 20119 | Orc:2    | Bought an ichor-stained ring mail for 270 gold pieces
 20129 | Orc:2    | Identified the +3 ring mail "Mulaet" {rC+ Regen+ MP+9 Slay+2} (You bought it in a shop on level 2 of the Orcish Mines)
 20188 | Orc:2    | Bought a warped long sword for 255 gold pieces
 20188 | Orc:2    | Identified the +6 long sword "Nady" {pain, Dex+4} (You bought it in a shop on level 2 of the Orcish Mines)
 20570 | Lair:1   | Noticed a four-headed hydra
 20581 | Lair:1   | Killed a four-headed hydra
 21093 | Lair:1   | Found a basalt altar of Yredelemnul.
 21476 | Lair:2   | Noticed Gastronok
 21480 | Lair:2   | Noticed Fannar
 21637 | Lair:2   | Reached XP level 13. HP: 68/83 MP: 19/31
 21724 | Lair:2   | Killed Gastronok
 21831 | Lair:2   | Offered knowledge of Bolt of Fire by Vehumet.
 21864 | Lair:2   | Found a staircase to the Swamp.
 22082 | Lair:2   | Killed Fannar
 22695 | Lair:3   | Got an encrusted scimitar
 22696 | Lair:3   | Identified the +9 scimitar "Zuem" {freeze, *Rage rF+ Int+5} (You found it on level 3 of the Lair of Beasts)
 23380 | Lair:4   | Noticed Urug
 23380 | Lair:4   | Noticed Nergalle
 23383 | Lair:4   | Killed Urug
 23391 | Lair:3   | Killed Nergalle
 23875 | Lair:4   | Noticed Sonja
 24026 | Lair:4   | Killed Sonja
 24349 | Lair:4   | Noticed Josephine
 24358 | Lair:4   | Killed Josephine
 24358 | Lair:4   | Reached skill level 15 in Spellcasting
 24516 | Lair:4   | Found a staircase to the Snake Pit.
 25260 | Lair:5   | Reached skill level 11 in Fighting
 25825 | Lair:5   | Learned a level 6 spell: Bolt of Fire
 25831 | Lair:5   | Learned a level 4 spell: Fulminant Prism
 26060 | Lair:5   | Offered knowledge of Spellforged Servitor by Vehumet.
 26592 | Lair:6   | Entered Level 6 of the Lair of Beasts
 26659 | Lair:6   | Reached XP level 14. HP: 90/90 MP: 35/35
 27308 | Lair:6   | Reached skill level 12 in Fighting
 28031 | Lair:6   | Found a staircase to the Slime Pits.
 28035 | Lair:6   | Offered knowledge of Irradiate by Vehumet.
 28042 | Lair:6   | Reached skill level 13 in Fighting
 30285 | D:12     | Found a portal to a secret trove of treasure.
 30613 | D:12     | Got a spiked chain mail
 31127 | D:13     | Found a white marble altar of Elyvilon.
 31323 | D:13     | Found a gate to the Vaults.
 31326 | D:13     | Reached skill level 14 in Fighting
 31329 | D:13     | Reached XP level 15. HP: 100/100 MP: 36/36
 31504 | D:13     | Found Badaniam's General Store.
 31507 | D:13     | Bought 3 potions of curing for 108 gold pieces
 31507 | D:13     | Bought a potion of mutation for 96 gold pieces
 31507 | D:13     | Bought a scroll of silence for 90 gold pieces
 31521 | D:13     | Identified the +5 chain mail "Biod Epni" {rN+ MR+ Int+3 Dex-4} (You found it on level 12 of the Dungeon)
 32125 | D:14     | Noticed Louise
 32133 | D:14     | Killed Louise
 32529 | D:14     | Found a deep blue altar of Sif Muna.
 32853 | D:14     | Noticed Frances
 32897 | D:14     | Killed Frances
 33063 | D:14     | Offered knowledge of Iron Shot by Vehumet.
 33196 | D:14     | Noticed Snorg
 33200 | D:14     | Killed Snorg
 33252 | D:15     | Entered Level 15 of the Dungeon
 33650 | D:15     | Reached skill level 10 in Dodging
 33893 | D:15     | Found a staircase to the Depths.
 34383 | D:15     | Reached skill level 15 in Fighting
 34831 | Snake:1  | Entered Level 1 of the Snake Pit
 34989 | Snake:1  | Found Ryjafer's Weapon Shop.
 34999 | Snake:1  | Found Guavy's General Store.
 35012 | Snake:1  | Bought a scroll of enchant armour for 112 gold pieces
 35012 | Snake:1  | Bought a scroll of identify for 30 gold pieces
 35012 | Snake:1  | Bought a potion of curing for 45 gold pieces
 35012 | Snake:1  | Bought a potion of might for 60 gold pieces
 35012 | Snake:1  | Bought the ring "Weebb" {rPois rF++ MR+ AC+2 Int-2} for 601 gold pieces
 35020 | Snake:1  | Learned a level 2 spell: Blink
 35149 | Snake:1  | Reached skill level 1 in Translocations
 36183 | Snake:1  | Reached XP level 16. HP: 108/108 MP: 36/37
 36333 | Snake:2  | Found a radiant altar of Vehumet.
 36682 | Snake:2  | Reached ****** piety under Vehumet
 36821 | Snake:2  | Offered knowledge of Ozocubu's Refrigeration by Vehumet.
 36826 | Snake:2  | Reached skill level 16 in Fighting
 36886 | Snake:2  | Reached skill level 1 in Shields
 38293 | Snake:3  | Reached skill level 5 in Shields
 38816 | Snake:4  | Entered Level 4 of the Snake Pit
 38927 | Snake:4  | Noticed Aizul
 39116 | Snake:3  | Killed Aizul
 39260 | Snake:4  | Reached skill level 1 in Long Blades
 39307 | Snake:4  | HP: 3/110 [shock serpent/electric aura (11)]
 39310 | Snake:4  | Slain by a shock serpent

Vault maps used:
D:1:      dpeg_arrival_snail
D:2:      okawaru_trees_1, first_bread, chequers_ecumenical_altar_lobes
D:3:      old_standard_altar, grunt_qazlal_clouds, uniq_crazy_yiuf_cottage,
          uniq_robin, uniq_ijyb
D:4:      old_standard_altar, serial_shops, nicolae_shop_statue_plus
D:5:      minivault_23
D:6:      kennysheep_mini, hangedman_decor_opposing, minmay_misc_feat_cross,
          minmay_misc_feat_columns, grunt_decor_cap
D:7:      nicolae_dithmenos_shadow_blocks, lemuel_crystal_altar, temple_statues
D:8:      lemuel_coloured_pillars_altar, nicolae_overflow_hidden_temple,
          david_lair_shrubbed, serial_aquarium, aquarium_bridge_long_separate,
          aquarium_bridge_square, aquarium_window_corridor_1,
          aquarium_window_fake, aquarium_view_2b
D:9:      slow_altar_1, serial_shops, shop, uniq_erica
D:11:     hangedman_pestilent_swarm
D:12:     nicolae_trove_entry_diagonal
D:13:     lightli_vaults_fourway_checkpoint, serial_shops, kennysheep_mini_moat,
          elyvilon_altar_1
D:14:     moated_statue, basic_altar, uniq_snorg, uniq_louise, uniq_frances
D:15:     grunt_enter_depths_hoard
Temple:   nicolae_temple_hex_pool
Lair:1:   st_stairs_7, lemuel_centaur_altar, grunt_megastairs_5
Lair:2:   swamp_mist, minivault_23, serial_bayou_shore_b, grunt_megastairs_4,
          uniq_gastronok, uniq_fannar
Lair:4:   minmay_snake_entry_guardpost_large, minmay_hedge_maze,
          serial_bayou_shore_a, minmay_lair_oklob_chamber, uniq_urug,
          uniq_josephine, uniq_sonja, uniq_nergalle
Lair:5:   bobbens_ice_dragon_lair, lemuel_fruit_tree
Lair:6:   hangedman_lair_tendril_chambers, minmay_slime_entry_jelly_boxes
Snake:1:  nicolae_snake_lava_pool, minmay_shoptagon
Snake:2:  basic_altar
Snake:4:  snake_pit, uniq_vashnia, uniq_aizul
Orc:1:    elf_legates
Orc:2:    grunt_orc_community_town_hall, grunt_orc_community_big_house_2,
          grunt_orc_community_big_house_2, grunt_orc_community_house_3,
          grunt_orc_community_house_1, grunt_orc_community_house_2,
          grunt_orc_community_house_1, grunt_orc_community_house_1,
          elves_outpost_lemuel

Skill      XL: |  1  2  3  4  5  6  7  8  9 10 11 12 13 14 15 16 |
---------------+-------------------------------------------------+-----
Conjurations   | 2 3 4 5 8 10 11 12 | 12.0
Fire Magic     | 4 5 6 8 10 11 12 | 12.0
Spellcasting   | 4 5 6 7 8 9 12 15 | 15.0
Fighting       | 1 5 8 10 11 14 15 16 | 16.0
Dodging        | 3 6 10 | 10.0
Evocations     | 2 4 |  4.0
Armour         | 4 |  4.0
Translocations | 4 |  4.1
Shields        | 6 |  6.0
Long Blades    | 1 |  1.6
Stealth        | |  2.4

Action                   |  1- 3 |  4- 6 |  7- 9 | 10-12 | 13-15 | 16-18 || total
-------------------------+-------+-------+-------+-------+-------+-------++-------
Melee: Dagger            |     1 |     3 |    62 |    12 |       |       ||    78
       Long sword        |       |       |       |    23 |    11 |       ||    34
       Scimitar          |       |       |       |       |   322 |   116 ||   438
 Fire: Blowgun           |       |    18 |    22 |       |       |       ||    40
Throw: Stone             |     2 |     2 |     7 |       |       |       ||    11
       Tomahawk          |       |       |    11 |       |       |       ||    11
       Javelin           |       |       |       |       |       |     1 ||     1
 Cast: Flame Tongue      |    34 |    88 |   118 |   300 |   244 |    13 ||   797
       Throw Flame       |    23 |    28 |    58 |    87 |    71 |     3 ||   270
       Conjure Flame     |     1 |     5 |    18 |    15 |    36 |       ||    75
       Sandblast         |       |       |    12 |    12 |       |       ||    24
       Sticky Flame      |       |       |    21 |    78 |   154 |     8 ||   261
       Fireball          |       |       |    11 |    68 |   111 |    67 ||   257
       Mephitic Cloud    |       |       |       |     3 |       |       ||     3
       Throw Frost       |       |       |       |     1 |     4 |       ||     5
       Venom Bolt        |       |       |       |     8 |    30 |       ||    38
       Bolt of Magma     |       |       |       |     4 |     5 |       ||     9
       Bolt of Fire      |       |       |       |       |    57 |    23 ||    80
Evoke: Wand              |       |       |       |     3 |     3 |       ||     6
  Use: Scroll            |     6 |     3 |     4 |     6 |    15 |     4 ||    38
       Potion            |       |       |     2 |     1 |     4 |     4 ||    11
 Stab: Sleeping          |       |       |       |     1 |     2 |       ||     3
  Eat: Chunk             |     3 |     9 |    18 |    42 |    46 |     4 ||   122
       Royal jelly       |       |       |     1 |     2 |       |     1 ||     4
       Fruit             |       |       |     1 |       |     1 |       ||     2
       Meat ration       |       |       |       |       |     2 |     1 ||     3
Armor: Robe              |       |     4 |    28 |     6 |       |       ||    38
       Leather armour    |       |       |       |    14 |       |       ||    14
       Ring mail         |       |       |       |    16 |   268 |    77 ||   361
Dodge: Dodged            |     2 |    17 |    61 |   129 |   374 |    76 ||   659
Block: Other             |       |       |       |       |    53 |    20 ||    73
       Reflection        |       |       |       |       |     5 |     4 ||     9
       Shield            |       |       |       |       |       |    17 ||    17
       Rpst.: Long sword |       |       |       |    13 |     4 |       ||    17
       Scimitar          |       |       |       |       |    77 |    17 ||    94

Table legend:
 A = Spawn XP
 B = Non-spawn XP
 C = Spawn XP percentage of total XP
 D = Spawn monster count
 E = Non-spawn monster count
 F = Spawn count percentage of total count
 G = Total turns spent on level
                    A         B        C        D         E        F      G
               +---------+---------+-------+---------+---------+-------+---------
         Total |       0 |  189403 |   0.0 |       0 |     847 |   0.0 | 39310
               +---------+---------+-------+---------+---------+-------+---------
           D:1 |       0 |      31 |   0.0 |       0 |      18 |   0.0 |   896
           D:2 |       0 |      52 |   0.0 |       0 |      15 |   0.0 |   938
           D:3 |       0 |     341 |   0.0 |       0 |      40 |   0.0 |  1680
           D:4 |       0 |     124 |   0.0 |       0 |      12 |   0.0 |  1010
           D:5 |       0 |     387 |   0.0 |       0 |      11 |   0.0 |  1107
           D:6 |       0 |    1131 |   0.0 |       0 |      28 |   0.0 |  1587
           D:7 |       0 |     680 |   0.0 |       0 |      15 |   0.0 |  1329
           D:8 |       0 |    1759 |   0.0 |       0 |      24 |   0.0 |  1453
           D:9 |       0 |    2643 |   0.0 |       0 |      16 |   0.0 |  1640
          D:10 |       0 |     705 |   0.0 |       0 |      19 |   0.0 |   980
          D:11 |       0 |    3178 |   0.0 |       0 |      17 |   0.0 |   892
          D:12 |       0 |    4321 |   0.0 |       0 |      23 |   0.0 |  1265
          D:13 |       0 |   13575 |   0.0 |       0 |      38 |   0.0 |   959
          D:14 |       0 |   16103 |   0.0 |       0 |      56 |   0.0 |  1118
          D:15 |       0 |    9955 |   0.0 |       0 |      28 |   0.0 |  1353
        Lair:1 |       0 |    4006 |   0.0 |       0 |      17 |   0.0 |  1270
        Lair:2 |       0 |    6696 |   0.0 |       0 |      24 |   0.0 |  1199
        Lair:3 |       0 |    3757 |   0.0 |       0 |      15 |   0.0 |  1059
        Lair:4 |       0 |    8857 |   0.0 |       0 |      29 |   0.0 |  1556
        Lair:5 |       0 |    9998 |   0.0 |       0 |      41 |   0.0 |  1768
        Lair:6 |       0 |   23585 |   0.0 |       0 |     103 |   0.0 |  1978
       Snake:1 |       0 |   17452 |   0.0 |       0 |      38 |   0.0 |  1410
       Snake:2 |       0 |   15886 |   0.0 |       0 |      30 |   0.0 |  1084
       Snake:3 |       0 |   12934 |   0.0 |       0 |      24 |   0.0 |  1741
       Snake:4 |       0 |    7225 |   0.0 |       0 |      10 |   0.0 |   186
         Orc:1 |       0 |    9347 |   0.0 |       0 |      46 |   0.0 |  2101
         Orc:2 |       0 |   14675 |   0.0 |       0 |     110 |   0.0 |  5655
               +---------+---------+-------+---------+---------+-------+---------
